 Dungeon Crawl Stone Soup version 0.23-a0-54-gae6112e (webtiles) character file.

311 topirishpotato the Insei (level 6, 0/57 HPs)
             Began as an Octopode Transmuter on Aug 8, 2018.
             Slain by a phantom (3 damage)
             ... on level 4 of the Dungeon.
             The game lasted 00:09:56 (3557 turns).

topirishpotato the Insei (Octopode Transmuter)      Turns: 3557, Time: 00:09:56

Health: 0/57       AC: 23    Str: 14    XL:     6   Next: 42%
Magic:  9/9        EV:  2    Int: 16    God:
Gold:   149        SH:  0    Dex: 14    Spells: 3/9 levels left

rFire    . . .     SeeInvis .     - Unarmed
rCold    . . .     Gourm    .   (no shield)
rNeg     + + +     Faith    .   (helmet currently unavailable)
rPois    +         Spirit   .   (no amulet)
rElec    .         Reflect  .   (no ring)
rCorr    .         Harm     .   (no ring)
MR       .....     NoTele   +   (no ring)
Stlth    +.........             (no ring)
HPRegen  0.19/turn              (no ring)
MPRegen  0.11/turn              (no ring)
                                (no ring)
                                (no ring)

@: mighty, tree-form
A: almost no armour, stealthy swim, (amphibious), 8 rings, (constrict 8)
a: no special abilities


You were on level 4 of the Dungeon.
You were hungry.
You were a tree.
You visited 1 branch of the dungeon, and saw 4 of its levels.

You collected 149 gold pieces.

Inventory:

Missiles
 a - 35 arrows
 f - 161 stones (quivered)
Jewellery
 h - a cursed -5 ring of protection {unknown}
 m - a +2 ring of dexterity {unknown}
Scrolls
 b - a scroll of blinking
 j - 2 scrolls of identify
 l - 2 scrolls of teleportation
 p - a scroll of fear
 r - 2 scrolls of remove curse
Potions
 g - 2 potions of brilliance
 k - a potion of lignification
Comestibles
 c - 5 rations


   Skills:
 - Level 1.0 Fighting
 + Level 3.0 Dodging
 + Level 5.4 Unarmed Combat
 - Level 2.0 Spellcasting
 + Level 4.0 Transmutations
 * Level 0.4 Poison Magic


You had 3 spell levels left.
You knew the following spells:

 Your Spells              Type           Power        Failure   Level  Hunger
a - Beastly Appendage     Tmut           ##....       4%          1    #......
b - Sticks to Snakes      Tmut           ##......     6%          2    ###....
c - Spider Form           Tmut/Pois      #.........   24%         3    ###....

Your spell library contained the following spells:

 Spells                   Type           Power        Failure   Level  Hunger
 Confuse                  Hex            #.......     52%         3    ###....
 Blade Hands              Tmut           ##........   73%         5    ######.
 Ice Form                 Ice/Tmut       #.......     65%         4    #####..
 Confusing Touch          Hex            #.....       21%         1    #......
 Metabolic Englaciation   Hex/Ice        #.........   99%         5    ######.
 Petrify                  Tmut/Erth      #.......     65%         4    #####..
 Gell's Gravitas          Tloc           #.........   52%         3    ###....
 Yara's Violent Unravell  Hex/Tmut       #.........   94%         5    ######.


Dungeon Overview and Level Annotations

Branches:
Dungeon (4/15)
 Temple: D:4-7

Altars:
Nemelex Xobeh
Ru
Sif Muna


Innate Abilities, Weirdness & Mutations

You cannot wear most types of armour.
You are very stealthy in the water. (Stealth+)
((You are amphibious.))
You can wear up to eight rings at the same time.
((You can use your tentacles to constrict eight enemies at once.))
((Your skin changes colour to match your surroundings (Stealth+).))
((Your rubbery body absorbs attacks. (AC +1, EV +1)))


Message History

The phantom barely misses you.
You tentacle-slap the phantom.
You pierce the phantom.
The phantom is heavily damaged.
The phantom hits you.
* * * LOW HITPOINT WARNING * * *
It was a potion of flight.
You feel very buoyant.
You fly up into the air.
Your tentacle spike disappears.
The phantom barely misses you.
It was a potion of might.
You feel very mighty all of a sudden. The phantom closely misses you.
It was a potion of lignification.
You turn into a tree.
Your roots penetrate the ground.
The phantom hits you but does no damage.
You pummel the phantom!!
The phantom is almost destroyed.
The phantom hits you.
You die...

#......# ###+########
#......# #..........#
...##+## #..........#
...#.... #..........#
....+....
#.......%..######....#####
#..................#######
#.......W..........#......
#........♣.........#......
#####........$......######
########..............
#..#.#.#.......
#..............
#..#.#.#.......
##........#'###
#.#.#.#.#....+
#.....).'....#


You could see a phantom.

Vanquished Creatures
  Grinder (D:3)
  Terence (D:3)
  2 adders (D:4)
  2 worms
  A dart slug (D:1)
  3 leopard geckos
  4 orcs (D:4)
  2 ball pythons (D:1)
  4 giant cockroaches
  3 goblins
  9 hobgoblins
  7 kobolds
  4 bats
  2 frilled lizards
  A leopard gecko skeleton (D:4)
  3 rats
49 creatures vanquished.

Vanquished Creatures (others)
  A worm (D:3)
  A rat (D:3)
2 creatures vanquished.

Grand Total: 51 creatures vanquished

Notes
Turn   | Place    | Note
-------+----------+-------------------------------------------
     0 | D:1      | topirishpotato the Octopode Transmuter began the quest for the Orb.
     0 | D:1      | Reached XP level 1. HP: 13/13 MP: 3/3
   180 | D:1      | Reached XP level 2. HP: 18/18 MP: 3/5
   604 | D:1      | Reached XP level 3. HP: 22/23 MP: 6/6
  1183 | D:2      | Found a deep blue altar of Sif Muna.
  1592 | D:2      | Found a sparkling altar of Nemelex Xobeh.
  1790 | D:2      | Found a sacrificial altar of Ru.
  1968 | D:3      | Noticed Terence
  1984 | D:3      | Killed Terence
  1984 | D:3      | Reached skill level 4 in Unarmed Combat
  1984 | D:3      | Reached XP level 4. HP: 14/28 MP: 7/7
  2524 | D:3      | Noticed Grinder
  2541 | D:3      | Killed Grinder
  2541 | D:3      | Reached skill level 5 in Unarmed Combat
  2541 | D:3      | Reached XP level 5. HP: 11/33 MP: 6/8
  2541 | D:3      | Reached XP level 6. HP: 12/38 MP: 6/9
  2826 | D:3      | Learned a level 2 spell: Sticks to Snakes
  2830 | D:3      | Learned a level 3 spell: Spider Form
  3523 | D:4      | Noticed a phantom
  3553 | D:4      | HP: 1/38 [phantom (6)]
  3557 | D:4      | Slain by a phantom

Vault maps used:
D:1:      minmay_arrival_solitary_statue, minmay_hedge_maze
D:2:      lemuel_blue_sif_altar, nemelex_altar_shiori,
          nicolae_ru_the_path_less_chosen
D:3:      first_ration, lemuel_flame_loot_1, uniq_grinder, uniq_terence
D:4:      kennysheep_mini_moat, serial_glass, glass_columns_b, glass_columns_b

Skill      XL: |  1  2  3  4  5  6 |
---------------+-------------------+-----
Unarmed Combat | 4 5 |  5.4
Transmutations | 3 4 |  4.0
Dodging        | 3 |  3.0
Fighting       | |  1.0
Spellcasting   | |  2.0
Poison Magic   | |  0.4

Action                   |  1- 3 |  4- 6 || total
-------------------------+-------+-------++-------
Melee: Unarmed           |    72 |    59 ||   131
       Kick              |    18 |    12 ||    30
       Constrict         |    21 |    12 ||    33
       Tentacles         |    16 |    10 ||    26
       Punch             |     3 |     3 ||     6
 Cast: Beastly Appendage |    20 |    14 ||    34
  Use: Potion            |       |     5 ||     5
       Scroll            |       |     9 ||     9
 Stab: Sleeping          |    10 |     3 ||    13
  Eat: Chunk             |     2 |     6 ||     8
Armor: Skin              |     5 |     4 ||     9
Dodge: Dodged            |    39 |    22 ||    61

Table legend:
 A = Spawn XP
 B = Non-spawn XP
 C = Spawn XP percentage of total XP
 D = Spawn monster count
 E = Non-spawn monster count
 F = Spawn count percentage of total count
 G = Total turns spent on level
                    A         B        C        D         E        F      G
               +---------+---------+-------+---------+---------+-------+---------
         Total |       0 |     445 |   0.0 |       0 |      49 |   0.0 |  3557
               +---------+---------+-------+---------+---------+-------+---------
           D:1 |       0 |      38 |   0.0 |       0 |      20 |   0.0 |  1015
           D:2 |       0 |      10 |   0.0 |       0 |       6 |   0.0 |   932
           D:3 |       0 |     350 |   0.0 |       0 |      14 |   0.0 |  1165
           D:4 |       0 |      47 |   0.0 |       0 |       9 |   0.0 |   445
               +---------+---------+-------+---------+---------+-------+---------
